 Dungeon Crawl Stone Soup version 0.23.2-30-g0e89c35649 (webtiles) character file.

Game seed: 16367781536966223128

273 H0rd4k the Charlatan (level 6, 0/44 HPs)
             Began as a Human Artificer on June 19, 2019.
             Slain by Duvessa
             ... wielding a +0 short sword
              (8 damage)
             ... on level 4 of the Dungeon.
             The game lasted 00:06:05 (4081 turns).

H0rd4k the Charlatan (Human Artificer)              Turns: 4081, Time: 00:06:05

Health: 0/44       AC:  3    Str: 18    XL:     6   Next: 48%
Magic:  8/8        EV: 13    Int: 11    God:
Gold:   208        SH:  0    Dex: 13    Spells: 5/5 levels left

rFire    . . .     SeeInvis .   D - +1 dagger (freeze)
rCold    . . .     Gourm    .   (no shield)
rNeg     . . .     Faith    .   x - +0 leather armour {rPois}
rPois    +         Spirit   .   (no helmet)
rElec    .         Reflect  .   (no cloak)
rCorr    .         Harm     .   (no gloves)
MR       .....                  (no boots)
Stlth    +.........             (no amulet)
HPRegen  0.14/turn              j - +3 ring of strength
MPRegen  0.11/turn              (no ring)

@: glowing
A: no striking features
a: no special abilities


You were on level 4 of the Dungeon.
You were not hungry.

You visited 1 branch of the dungeon, and saw 4 of its levels.

You collected 208 gold pieces.

Inventory:

Hand Weapons
 a - a +0 short sword
 z - a +0 blowgun
 D - a +1 dagger of freezing (weapon)
Missiles
 n - 80 sling bullets
 v - 32 poisoned needles
Armour
 x - a +0 leather armour of poison resistance (worn)
Jewellery
 j - a +3 ring of strength (left hand)
Wands
 c - a wand of flame (8)
 d - a wand of enslavement (14)
 e - a wand of random effects (4)
Scrolls
 g - a scroll of enchant weapon {unknown}
 h - 3 scrolls of teleportation {unknown}
 k - 4 scrolls of identify
 m - a scroll of noise
 r - a scroll of remove curse {unknown}
 t - a scroll of amnesia {unknown}
 u - a scroll of magic mapping {unknown}
 y - a scroll of random uselessness {unknown}
Potions
 i - a potion of degeneration
 l - 6 potions of curing
 p - a potion of berserk rage {unknown}
 q - a potion of brilliance {unknown}
 s - a potion of lignification {unknown}
 w - 2 potions of agility {unknown}
 A - a potion of mutation {unknown}
 C - a potion of cancellation {unknown}
Comestibles
 f - 9 rations


   Skills:
 + Level 2.2 Fighting
 + Level 3.0 Short Blades
 + Level 0.2 Throwing
 + Level 2.6 Armour
 + Level 3.0 Dodging
 + Level 2.0 Stealth
 + Level 3.7 Evocations


You had 5 spell levels left.
You didn't know any spells.
Your spell library contained the following spells:

 Spells                   Type           Power        Failure   Level  Hunger
 Summon Small Mammal      Summ           #...         38%         1    ##.....
 Call Imp                 Summ           #.......     54%         2    ###....
 Call Canine Familiar     Summ           #.......     77%         3    ####...
 Summon Guardian Golem    Hex/Summ       #.......     77%         3    ####...
 Summon Ice Beast         Ice/Summ       #.......     99%         4    #####..
 Summon Lightning Spire   Summ/Air       #.......     99%         4    #####..


Dungeon Overview and Level Annotations

Branches:
Dungeon (4/15)
 Temple: D:4-7

Altars:
Kikubaaqudgha
Okawaru
Qazlal

Shops:
D:4 (*

Annotations:
D:2 exclusion: downstairs
D:3 exclusion: downstairs
D:4 1 exclusion, Dowan, Duvessa


Message History

Something hits you but does no damage.
As you read the scroll labeled UWAHIM AQOME, it crumbles to dust.
It is a scroll of identify.
i - a potion of degeneration Something hits you.
Something hits you but does no damage.
As you read the scroll labeled PIFECZ JARCHI, it crumbles to dust.
You hear a loud clanging noise!
It was a scroll of noise.
Something hits you.
As you read the scroll labeled WIEHUJICUJ, it crumbles to dust.
The creatures around you are filled with an inner flame!
It was a scroll of immolation.
Something hits you.
* * * LOW HITPOINT WARNING * * *
Something hits you!
* * * LOW HITPOINT WARNING * * *
You feel better. Something hits you.
* * * LOW HITPOINT WARNING * * *
Dowan casts a spell.
Dowan blinks!
Something hits you!
You die...

##..<#
##(...#....####..#
#....#
#..........##...#
#.>.e#
##....##........##
#..(...#
##......##.....###
#####...#
#.####....#...##
#...# ###
##...#...# #...#
##..###..# #...##
##..## #..#
....... ##@.##
#..#
..._....###..##
#..# ....§....##
#..########
..###...##
#.........# .
#...# ##....##..
#.....########...#
#.####...........#
.. #..§...≈..# .#.
#........##


There were no monsters in sight!

Vanquished Creatures
  A scorpion (D:4)
  A hound (D:4)
  An orc wizard (D:2)
  A bullfrog skeleton (D:4)
  4 adders
  2 oozes (D:3)
  3 worms
  2 dart slugs (D:2)
  A leopard gecko (D:1)
  3 orcs
  2 ball pythons
  8 bats
  4 giant cockroaches
  10 goblins
  9 hobgoblins
  7 jackals (D:3)
  6 kobolds
  6 frilled lizards
  7 rats
78 creatures vanquished.

Vanquished Creatures (others)
  An orc (D:2)
1 creature vanquished.

Grand Total: 79 creatures vanquished

Notes
Turn   | Place    | Note
-------+----------+-------------------------------------------
     0 | D:1      | H0rd4k the Human Artificer began the quest for the Orb.
     0 | D:1      | Reached XP level 1. HP: 15/15 MP: 3/3
   225 | D:1      | Reached XP level 2. HP: 11/21 MP: 4/4
   639 | D:1      | Reached XP level 3. HP: 18/26 MP: 5/5
  1135 | D:2      | Found an iron altar of Okawaru.
  1308 | D:2      | Reached skill level 1 in Armour
  1317 | D:2      | Reached XP level 4. HP: 17/32 MP: 6/6
  1695 | D:2      | Reached XP level 5. HP: 17/38 MP: 7/7
  1702 | D:2      | Found an ancient bone altar of Kikubaaqudgha.
  2304 | D:3      | Found a faded altar of an unknown god.
  3397 | D:4      | Found a stormy altar of Qazlal.
  3397 | D:4      | Noticed Dowan
  3466 | D:4      | Reached XP level 6. HP: 7/44 MP: 8/8
  3749 | D:4      | Noticed a slave
  3885 | D:4      | Found Ruhokhleu's Weapon Shop.
  3890 | D:4      | Found Tudoh's Elemental Accessories.
  4068 | D:4      | Noticed Duvessa
  4081 | D:4      | Slain by Duvessa

Skill      XL: |  1  2  3  4  5  6 |
---------------+-------------------+-----
Armour         | 1 2 |  2.6
Short Blades   | 2 3 |  3.0
Fighting       | 2 |  2.2
Dodging        | 3 |  3.0
Stealth        | 2 |  2.0
Throwing       | |  0.2
Evocations     | |  3.7

Action                   |  1- 3 |  4- 6 || total
-------------------------+-------+-------++-------
Melee: Short sword       |   143 |   158 ||   301
       Dagger            |       |    47 ||    47
 Fire: Blowgun           |       |     4 ||     4
Evoke: Wand              |     3 |    16 ||    19
  Use: Scroll            |       |     3 ||     3
       Potion            |       |     2 ||     2
 Stab: Sleeping          |     3 |     2 ||     5
       Paralysed         |     4 |       ||     4
  Eat: Chunk             |     1 |     9 ||    10
Armor: Leather armour    |    37 |    34 ||    71
       Robe              |       |    11 ||    11
Dodge: Dodged            |    85 |   130 ||   215
